 Dungeon Crawl Stone Soup version 0.22.0-60-ga52c2fc (webtiles) character file.

729 Anon1729 the Wallflower (level 7, -4/64 HPs)
             Began as a Naga Gladiator on Sept 9, 2018.
             Was an Initiate of Uskayaw.
             Slain by an ogre
             ... wielding a +0 giant club
              (14 damage)
             ... on level 4 of the Dungeon.
             The game lasted 00:05:40 (3475 turns).

Anon1729 the Wallflower (Naga Gladiator)            Turns: 3475, Time: 00:05:41

Health: -4/64      AC:  8    Str: 16    XL:     7   Next: 73%
Magic:  1/10       EV:  9    Int: 11    God:    Uskayaw [......]
Gold:   151        SH:  0    Dex: 12    Spells: 6/6 levels left

rFire    . . .     SeeInvis +   a - +0 war axe
rCold    . . .     Gourm    .   (no shield)
rNeg     . . .     Faith    .   l - +0 ring mail
rPois    +         Spirit   .   c - +0 helmet
rElec    .         Reflect  .   q - +0 cloak
rCorr    .         Harm     .   o - +0 pair of gloves
MR       .....                  (no barding)
Stlth    +.........             (no amulet)
HPRegen  0.20/turn              (no ring)
MPRegen  0.12/turn              (no ring)

@: short of breath, very slow
A: large, see invisible, deformed body, poison resistance, slowness 2, slow
metabolism 1, spit poison 1, AC +2
a: Spit Poison, Renounce Religion


You were on level 4 of the Dungeon.
You worshipped Uskayaw.
Uskayaw was noncommittal.
You were hungry.

You visited 1 branch of the dungeon, and saw 4 of its levels.

You collected 151 gold pieces.

Inventory:

Hand Weapons
 a - a +0 war axe (weapon)
 p - a +2 quarterstaff of chaos
Missiles
 d - 4 throwing nets (quivered)
 j - 8 tomahawks
Armour
 b - a +0 leather armour
 c - a +0 helmet (worn)
 l - a +0 ring mail (worn)
 o - a +0 pair of gloves (worn)
 q - a +0 cloak (worn)
Jewellery
 t - an uncursed ring of positive energy {unknown}
Scrolls
 g - 2 scrolls of enchant weapon {unknown}
 h - 2 scrolls of blinking {unknown}
 i - 8 scrolls of identify {unknown}
 n - 3 scrolls of teleportation {unknown}
 r - a scroll of amnesia {unknown}
Potions
 e - a potion of curing {unknown}
 k - a potion of experience {unknown}
 m - 2 potions of degeneration {unknown}
Comestibles
 f - 6 rations
 s - 2 chunks of flesh


   Skills:
 + Level 4.0 Fighting
 + Level 4.8 Axes
 - Level 2.0 Throwing
 + Level 2.6 Armour
 - Level 3.0 Dodging
 * Level 4.9 Invocations


You had 6 spell levels left.
You didn't know any spells.
Your spell library contained the following spells:

 Spells                   Type           Power        Failure   Level  Hunger
 Magic Dart               Conj           #...         54%         1    ##.....
 Blink                    Tloc           N/A          69%         2    ###....
 Call Imp                 Summ           #.......     69%         2    ###....
 Slow                     Hex            #.......     69%         2    ###....
 Conjure Flame            Conj/Fire      #.......     89%         3    ####...
 Mephitic Cloud           Conj/Pois/Air  #.......     89%         3    ####...


Dungeon Overview and Level Annotations

Branches:
Dungeon (4/15)
 Temple: D:4-7

Altars:
Qazlal
Uskayaw
Zin
The Shining One


Innate Abilities, Weirdness & Mutations

You cannot wear boots.
Your serpentine skin is tough. (AC +2)
You have supernaturally acute eyesight. (SInv)
Armour fits poorly on your strangely shaped body.
Your system is resistant to poisons. (rPois)
You cover ground very slowly.
You have a slow metabolism.
You can spit poison.


Message History

The orc priest is almost dead.
You feel somewhat more hungry.
You can no longer stomp with the beat.
The orc priest hits you but does no damage.
The ogre hits you with a giant club!
* * * LOW HITPOINT WARNING * * *
You can now stomp with the beat.
Unknown command.
You stomp with the beat, sending a shockwave through the revelers around you!
The ogre is severely wounded.
You kill the orc priest!
You feel somewhat more hungry.
You can no longer stomp with the beat.
Unknown command.
Press: ? - help, Shift-Dir - straight line, f - ogre
Aim: an ogre, wielding a giant club (severely wounded)
The splash of poison hits the ogre.
The ogre is severely wounded.
You feel slightly more hungry. The ogre hits you with a giant club!
You die...

+......... #.......#
#.......# #.......#
.#########.......#
.................#
.................#
#................#
#..............(@#
##+###'###......O)......
....#....#..............
....#....+..............
....#....#..............
....'....#.......?......
##..##...#..............
##..##...#......########
#...#...)#......#


You could see an ogre.

Vanquished Creatures
  2 ogres (D:4)
  Blork the orc (D:4)
  5 orc priests
  Crazy Yiuf (D:2)
  A hound (D:4)
  2 orc wizards (D:4)
  An iguana (D:4)
  A worker ant (D:4)
  Robin (D:4)
  7 adders
  An ooze (D:3)
  5 worms
  A dart slug (D:1)
  A leopard gecko (D:3)
  15 orcs
  A giant cockroach (D:1)
  15 goblins
  7 hobgoblins
  7 jackals (D:2)
  4 quokkas
  5 bats
  4 frilled lizards
  4 kobolds
  A leopard gecko skeleton (D:4)
  8 rats
101 creatures vanquished.

Notes
Turn   | Place    | Note
-------+----------+-------------------------------------------
     0 | D:1      | Anon1729 the Naga Gladiator began the quest for the Orb.
     0 | D:1      | Reached XP level 1. HP: 19/19 MP: 1/1
   219 | D:1      | Reached XP level 2. HP: 24/26 MP: 2/2
   227 | D:1      | Found a glowing silver altar of Zin.
   494 | D:2      | Reached XP level 3. HP: 26/32 MP: 3/3
  1080 | D:2      | Found a hide-covered altar of Uskayaw.
  1086 | D:2      | Became a worshipper of Uskayaw the Reveler
  1204 | D:2      | Reached * piety under Uskayaw
  1213 | D:2      | Found Zin's Purification Station.
  1220 | D:2      | Found a glowing silver altar of Zin.
  1241 | D:2      | Reached ** piety under Uskayaw
  1367 | D:2      | Found a stormy altar of Qazlal.
  1557 | D:2      | Reached XP level 4. HP: 28/40 MP: 0/4
  1567 | D:2      | Found a glowing golden altar of the Shining One.
  1656 | D:2      | Found a runed door.
  1665 | D:2      | Noticed Crazy Yiuf
  1672 | D:2      | Killed Crazy Yiuf
  1672 | D:2      | Reached skill level 1 in Armour
  1672 | D:2      | Reached skill level 1 in Invocations
  1806 | D:3      | Reached XP level 5. HP: 44/48 MP: 2/6
  1990 | D:3      | Reached *** piety under Uskayaw
  2001 | D:3      | Reached XP level 6. HP: 33/56 MP: 8/8
  2925 | D:4      | Reached XP level 7. HP: 29/62 MP: 8/10
  3134 | D:4      | Noticed Robin
  3145 | D:4      | Reached **** piety under Uskayaw
  3151 | D:4      | Killed Robin
  3415 | D:4      | Noticed Blork the orc
  3420 | D:4      | Killed Blork the orc
  3475 | D:4      | Slain by an ogre

Skill      XL: |  1  2  3  4  5  6  7 |
---------------+----------------------+-----
Throwing       | 2 |  2.0
Armour         | 1 2 |  2.6
Invocations    | 1 2 4 |  4.9
Dodging        | 3 |  3.0
Fighting       | 3 4 |  4.0
Axes           | 4 |  4.8

Action                   |  1- 3 |  4- 6 |  7- 9 || total
-------------------------+-------+-------+-------++-------
Melee: War axe           |   111 |   134 |    47 ||   292
Invok: Stomp             |     1 |     3 |     5 ||     9
       Line Pass         |       |     1 |       ||     1
 Abil: Spit Poison       |     1 |     6 |     4 ||    11
 Stab: Paralysed         |       |     1 |     4 ||     5
  Eat: Chunk             |     1 |     5 |     2 ||     8
Armor: Leather armour    |     2 |       |       ||     2
       Ring mail         |    40 |    74 |    26 ||   140
Dodge: Dodged            |    50 |    77 |    27 ||   154
